 Dungeon Crawl Stone Soup version 0.29.1-14-g9c671dbff4 (webtiles) character file.

Game seed: 9296924465077571579

5 Heoruswealwe the Caller (level 1, 10/10 HPs)
             Began as a Deep Elf Summoner on Feb 20, 2023.
             Got out of the dungeon alive.
             The game lasted 00:07:37 (1016 turns).

Heoruswealwe the Caller (Deep Elf Summoner)         Turns: 1016, Time: 00:07:38

Health: 10/10      AC:  3    Str:  3 (5)  XL:     1   Next: 66%
Magic:  6/6        EV: 12    Int: 17 (19) God:
Gold:   95         SH:  3    Dex: 14 (15) Spells: 5/6 levels left

rFire   . . .      SeeInvis .   j - +0 mace
rCold   . . .      Faith    .   l - +0 buckler
rNeg    + . .      Spirit   .   a - +0 robe
rPois   .          Reflect  .   (no helmet)
rElec   .          Harm     .   (no cloak)
rCorr   .          Rampage  .   (no gloves)
Will    .....                   o - +0 pair of boots
Stlth   ++........              (no amulet)
HPRegen 0.03/turn               d - ring of positive energy
MPRegen 0.10/turn               (no ring)

@: no status effects
A: no striking features
a: no special abilities


You escaped.
You visited 1 branch of the dungeon, and saw 1 of its levels.

You collected 95 gold pieces.

Inventory:

Hand Weapons
 c - a +0 club
 i - a +0 whip
 j - a +0 mace (weapon)
Missiles
 h - 8 stones
Armour
 a - a +0 robe (worn)
 l - a +0 buckler (worn)
 o - a +0 pair of boots (worn)
Jewellery
 d - a ring of positive energy (left hand)
Scrolls
 e - 2 scrolls of vulnerability
Potions
 b - a potion of magic


   Skills:
 - Level 2.4 Dodging
 - Level 2.4 Stealth
 + Level 3.3 Spellcasting
 + Level 4.5 Summonings


You had 5 spell levels left.
You knew the following spells:

 Your Spells              Type           Power      Damage    Failure   Level
a - Summon Small Mammal   Summ           72%        N/A       3%          1

Your spell library contained the following spells:

 Spells                   Type           Power      Damage    Failure   Level
 Call Imp                 Summ           18%        N/A       5%          2
 Call Canine Familiar     Summ           18%        N/A       11%         3
 Summon Guardian Golem    Hex/Summ       10%        N/A       26%         3
 Summon Lightning Spire   Summ/Air       10%        N/A       65%         4


Dungeon Overview and Level Annotations

Branches:
Dungeon (1/15)

Altars:
Okawaru


Message History

You hit the hobgoblin but do no damage.
The hobgoblin is severely wounded.
The hobgoblin hits you but does no damage.
The hobgoblin closely misses you.
You hit the hobgoblin.
You kill the hobgoblin!
You see here a hobgoblin corpse.
Done exploring.
Search for what [? for help]? .
As you read the scroll labelled TAWOHU FEEPA, it crumbles to dust.
Magic quickly surges around you.
It was a scroll of vulnerability.
As you read the scroll labelled BIEHOA UMUSCH, it crumbles to dust.
The air around you briefly surges with heat, but it dissipates.
It was a scroll of immolation.
As you read the scroll labelled HUNIADD MEQUI, it crumbles to dust.
You feel strangely unstable.
It was a scroll of teleportation.
Your surroundings suddenly seem different.
It was a potion of degeneration.
There was something very wrong with that liquid.
You feel weakened.
You feel dopey.
You feel clumsy.
It was a potion of lignification.
You turn into a tree.
Your +0 pair of boots melds into your body.
Your +0 robe melds into your body.
Your roots penetrate the ground.
You start waiting.
Your transformation is almost over.
HP restored.
You feel less wooden.
Your +0 pair of boots unmelds from your body.
Your +0 robe unmelds from your body.
It was a potion of flight.
You feel very buoyant.
You fly up into the air.
You feel your willpower return.
There is an open door here.
You are starting to lose your buoyancy.
You float gracefully downwards.
There is an open door here.
There is a staircase leading out of the dungeon here.
Are you sure you want to leave the Dungeon?
This will make you lose the game!
You have escaped!

#...#~.~#§§§#
#...#~.~#≈≈.#
#...#~.~#≈..#
#...#...#...#
#...........#
#...........#
#...........#
#...........#
#.....@.....#
#...........#
#############


There were no monsters in sight!

Vanquished Creatures
  A hobgoblin (D:1)
  A bat (D:1)
  A rat (D:1)
3 creatures vanquished.

Vanquished Creatures (collateral kills)
  An endoplasm (D:1)
  A quokka (D:1)
2 creatures vanquished.

Vanquished Creatures (others)
  9 plants (D:1)
  11 withered plants (D:1)
20 creatures vanquished.

Grand Total: 25 creatures vanquished

Notes
Turn   | Place    | Note
-------+----------+-------------------------------------------
     0 | D:1      | Heoruswealwe the Deep Elf Summoner began the quest for the
                  | Orb.
     0 | D:1      | Reached XP level 1. HP: 10/10 MP: 6/6
   191 | D:1      | Found a faded altar of an unknown god.
   219 | D:1      | Prayed at the altar of an unknown god.
   219 | D:1      | Became a worshipper of Warmaster Okawaru
   219 | D:1      | Reached * piety under Okawaru
   220 | D:1      | Fell from the grace of Okawaru
  1016 | D:$      | Got out of the dungeon alive.

Illustrated notes

Levels and vault maps discovered:
D:1:      lightli_arrival_quake, layout_basic,
          shapermc_ecumenical_altar_flowoftime, hangedman_decor_peaks_small

Action                   || total
-------------------------++-------
Melee: Club              ||    83
       Mace              ||     7
       Punch             ||     1
 Cast: Summon Small Mamm ||     6
Invok: Renounce Religion ||     1
  Use: Scroll            ||     3
       Potion            ||     3
 Stab: Sleeping          ||     1
Armor: Robe              ||     3
Dodge: Dodged            ||    13
Block: Buckler           ||     2
